 Dungeon Crawl Stone Soup version 0.30-a0-172-gc5509c9e31 (webtiles) character file.

Game seed: 1900458527830143544

89 LnG the Caller (level 4, 0/24 HPs)
             Began as a Kobold Summoner on Oct 1, 2022.
             Succumbed to an adder's poison
             ... on level 2 of the Dungeon.
             The game lasted 00:04:41 (2220 turns).

LnG the Caller (Kobold Summoner)                    Turns: 2220, Time: 00:04:42

Health: 0/24       AC:  4    Str:  5    XL:     4   Next: 84%
Magic:  2/7        EV: 15    Int: 18    God:
Gold:   85         SH:  0    Dex: 15    Spells: 1/7 levels left

rFire   . . .      SeeInvis .    d - +0 dagger
rCold   . . .      Faith    .    (no shield)
rNeg    . . .      Spirit   .    a - +0 robe
rPois   .          Reflect  .    (no helmet)
rElec   .          Harm     .    (no cloak)
rCorr   .          Rampage  .    (no gloves)
Will    .....                    j - +1 pair of boots
Stlth   ++++......               (no amulet)
HPRegen 0.24/turn                (no ring)
MPRegen 0.10/turn                (no ring)

@: lethally poisoned (0 -> -6)
A: small, no large weapons, nightstalker 3
a: no special abilities


You were on level 2 of the Dungeon.
You visited 1 branch of the dungeon, and saw 2 of its levels.

You collected 85 gold pieces.

Inventory:

Hand Weapons
 d - a +0 dagger (weapon)
Armour
 a - a +0 robe (worn)
 j - a +1 pair of boots (worn)
Potions
 b - 2 potions of magic
 c - a potion of flight
 f - a potion of brilliance


   Skills:
 + Level 0.3 Fighting
 + Level 1.4 Short Blades
 + Level 3.0 Dodging
 + Level 4.5 Stealth
 + Level 2.4 Spellcasting
 + Level 4.5 Summonings


You had one spell level left.
You knew the following spells:

 Your Spells              Type           Power      Damage    Failure   Level
a - Summon Small Mammal   Summ           72%        N/A       2%          1
b - Call Imp              Summ           18%        N/A       4%          2
c - Call Canine Familiar  Summ           18%        N/A       8%          3

Your spell library contained the following spells:

 Spells                   Type           Power      Damage    Failure   Level
 Summon Guardian Golem    Hex/Summ       10%        N/A       21%         3
 Cigotuvi's Dreadful Rot  Necr/Pois/Air  4%         N/A       26%         2
 Poisonous Vapours        Pois/Air       4%         N/A       26%         2
 Summon Lightning Spire   Summ/Air       10%        N/A       56%         4


Dungeon Overview and Level Annotations

Branches:
Dungeon (2/15)

Altars:


Innate Abilities, Weirdness & Mutations

You are small and have problems with some larger weapons.
You are completely attuned to the shadows.


Message History

You bump into the rock wall.
You feel sick.
Your hound bites something.
The adder barely misses you.
Your hound closely misses something.
Something barely misses your hound. The adder barely misses you.
You bump into the rock wall.
You feel sick.
Your hound barely misses something.
The adder bites you.
You are more poisoned.
The adder poisons you! Something hits your hound.
The orc priest looks encouraged for a moment.
You hit something.
You feel sick.
Your hound bites something.
The adder bites you but does no damage. Something barely misses your hound.
Your hound bites something.
Reactivating autopickup.
You feel a bit more experienced.
Your Dodging skill increases to level 3!
You closely miss the adder.
You feel sick. The adder barely misses you. x2
Are you sure you want to stumble around while confused and next to your hound?
You bump into the rock wall.
You feel sick. The adder closely misses you.
Are you sure you want to stumble around while confused and next to your hound? [Y]es or [N]o only, please.
Are you sure you want to stumble around while confused and next to your hound? [Y]es or [N]o only, please.
Are you sure you want to stumble around while confused and next to your hound?
You barely miss your hound.
Your hound is lightly wounded.
Your hound disappears in a puff of smoke!
You feel sick. The adder bites you.
* * * LOW HITPOINT WARNING * * *
You closely miss the adder.
You feel less confused.
You feel sick. The adder bites you but does no damage.
The orc priest looks encouraged for a moment.
Casting: Call Canine Familiar (quite dangerous; 8% risk of failure)
Confirm with . or Enter, or press ? or * to list all spells.
The spell is quite dangerous to miscast (8% risk of failure)!
Continue anyway?
You feel sick. The adder misses you. The adder bites you.
* * * LOW HITPOINT WARNING * * *
You are more poisoned.
The adder poisons you!
You swap places.
You die...

#......#[..... ......
#......#..†... ......
#......#.)...# ......
#...†....##### ......
+........+ .....
#...†††..# #...
#........# ### ... #.
#........# ##h## ..
..#####.....# ##@#S## ..
............###.#.#o##
.........<.###.#.#.#.##
...........##.#.###.#.##
.....#######.#.##
##.#.## .....# ##.#.##
##.#.## .....# ##.#.##
.##.#.## .....# ##.#.##
#o##.#.## ...#.###)#.##
{So##.#.#


You could see a friendly hound (summoned).

Vanquished Creatures
  2 adders (D:2)
  A dart slug (D:2)
  An orc (D:2)
  3 bats (D:2)
  An endoplasm (D:1)
  2 giant cockroaches (D:1)
  5 goblins
  2 hobgoblins
  5 jackals
  4 quokkas
  3 frilled lizards (D:1)
  A kobold (D:2)
  2 rats (D:2)
32 creatures vanquished.

Vanquished Creatures (collateral kills)
  An orc wizard (D:2)
  2 endoplasms (D:1)
  A hobgoblin (D:1)
  3 jackals (D:2)
  A quokka (D:1)
8 creatures vanquished.

Grand Total: 40 creatures vanquished

Notes
Turn   | Place    | Note
-------+----------+-------------------------------------------
     0 | D:1      | LnG the Kobold Summoner began the quest for the Orb.
     0 | D:1      | Reached XP level 1. HP: 10/10 MP: 3/3
   324 | D:1      | Reached XP level 2. HP: 15/15 MP: 5/5
   327 | D:1      | Learned a level 2 spell: Call Imp
  1014 | D:1      | Found a faded altar of an unknown god.
  1023 | D:1      | Reached XP level 3. HP: 19/19 MP: 6/6
  1027 | D:1      | Learned a level 3 spell: Call Canine Familiar
  1997 | D:2      | Reached XP level 4. HP: 24/24 MP: 7/7
  2167 | D:2      | Reached skill level 1 in Short Blades
  2219 | D:2      | HP: 1/24 [adder (3)]
  2220 | D:2      | Succumbed to an adder's poison

Illustrated notes

Levels and vault maps discovered:
D:1:      lemuel_arrival_lava_pool, layout_basic, serial_bayou,
          serial_bayou_ford_a, serial_bayou_lake_a, serial_bayou_pond_e,
          serial_bayou_crossing, serial_bayou_pond_c,
          shapermc_ecumenical_altar_mp_highgroup
D:2:      minmay_inner_zag, layout_basic, nicolae_titane

Skill      XL: |  1  2  3  4 |
---------------+-------------+-----
Stealth        | 3 4 |  4.5
Short Blades   | 1 |  1.4
Dodging        | 3 |  3.0
Fighting       | |  0.3
Spellcasting   | |  2.4
Summonings     | |  4.5

Action                   |  1- 3 |  4- 6 || total
-------------------------+-------+-------++-------
Melee: Dagger            |    94 |    22 ||   116
       Unarmed           |     5 |       ||     5
       Hand axe          |     1 |       ||     1
       Punch             |     1 |       ||     1
 Cast: Summon Small Mamm |     5 |       ||     5
       Call Imp          |     2 |       ||     2
       Call Canine Famil |     1 |     3 ||     4
  Use: Scroll            |     3 |     2 ||     5
       Potion            |       |     2 ||     2
 Stab: Sleeping          |    15 |     6 ||    21
       Distracted        |     2 |       ||     2
Armor: Robe              |    15 |     4 ||    19
Dodge: Dodged            |    85 |    17 ||   102

Table legend: (Time is in decaauts)
 A = Elapsed time spent in this place.
 B = Non-inter-level travel time spent in this place.
 C = Inter-level travel time spent in this place.
 D = Time resting spent in this place.
 E = Time spent auto-exploring this place.
 F = Levels seen in this place.
 G = Mean time per level.
                   A        B        C        D        E       F      G
               +--------+--------+--------+--------+--------+-----+--------+
         Total |   2297 |   2185 |    112 |     25 |   1797 |   2 | 1148.5 |
       Dungeon |   2297 |   2185 |    112 |     25 |   1797 |   2 | 1148.5 |
               +--------+--------+--------+--------+--------+-----+--------+

Top non-repeatable levels by time:
     D:1: 1661 daAuts
     D:2: 635 daAuts
